AoeStats
← Very ellegant player

Arena

509877264Analyzed
1v1 RM · 2d ago on Sep 28, 2026· 43m 28s· 2 players
Game mode
Random Map
Map size
Tiny (2 player)
Population
200
Speed
Normal
Resources
Standard
Victory
Conquest
Starting age
Dark Age
Ending age
Imperial Age
RankedLock teamsTeams togetherTeam positionsShared explorationLock speedFull tech treeHidden civsTurbo modeCheats
Victory
Defeat
🇮🇳 Varangians · India
1224
+15
🇦🇷 Bengalis · Argentina
1202
-15
Very ellegant player
11:02 Feudal Age
15:27 Castle Age
14:37 Double-Bit Axe
15:39 Horse Collar
15:55 Pikeman
16:38 Squires
25:53 Scale Mail Armor
25:54 Loom
27:31 Wheelbarrow
27:21 Chain Mail Armor
29:07 Stone Mining
29:16 Fletching
29:27 Padded Archer Armor
31:33 Bow Saw
34:30 Bodkin Arrow
35:04 Gold Mining
38:48 Imperial Age
39:17 Leather Archer Armor
39:28 Ballistics
39:54 Elite Elephant Archer
40:36 Bracer
41:45 Chemistry
42:32 Ring Archer Armor
TheKingSlayer
10:44 Feudal Age
15:20 Castle Age
13:48 Double-Bit Axe
20:44 Forging
20:46 Loom
21:45 Fletching
23:34 Iron Casting
25:16 Scale Barding Armor
26:44 Devotion
27:06 Chain Barding Armor
26:50 Gold Mining
34:04 Imperial Age
34:22 Chain Barding Armor
35:59 Blast Furnace
35:54 Plate Barding Armor
35:21 Vendel Legacy
36:18 Bloodlines
35:29 Cavalier
36:52 Conscription
37:52 Husbandry
38:12 Vendel Legacy
39:02 Bodkin Arrow
40:26 Town Watch
Connection lost

Rejoining the realm…

Still unreachable

The connection could not be restored.

Session expired

The server has moved on; the page needs a fresh start.